 Dungeon Crawl Stone Soup version 0.17-a0-2101-g0c122e7 (webtiles) character file.

22253 4thArraOfDagon the Severer (level 12, -23/168 HPs)
             Began as a Minotaur Fighter on Oct 18, 2015.
             Was a Priest of the Shining One.
             Annihilated by an orc warlord
             ... wielding a +6 great mace of crushing
              (29 damage)
             ... on level 4 of the Orcish Mines.
             The game lasted 00:35:08 (6470 turns).

4thArraOfDagon the Severer (Minotaur Fighter)       Turns: 6470, Time: 00:35:08

Health: -23/168    AC: 26    Str: 23    XL:     12   Next: 61%
Magic:  15/15      EV:  2    Int: 12    God:    the Shining One [***...]
Gold:   1225       SH:  0    Dex: 11    Spells: 1 memorised, 6 levels left

rFire  + . .     SeeInvis .     G - +1 battleaxe (chop)
rCold  x . .     Clarity  .     (armour currently unavailable)
rNeg   + + +     SustAt   .     (no shield)
rPois  +         Gourm    .     (helmet currently unavailable)
rElec  .         Spirit   .     (cloak currently unavailable)
rCorr  .         Warding  .     (gloves currently unavailable)
rMut   .         NoTele   +     (boots currently unavailable)
MR     .....                    (no amulet)
Stlth  +.........               j - +3 ring of evasion
                                s - ring "Xeinlun" {Fire *Drain rPois rN+ Int+3}

@: tree-form, glowing, not resistant to hostile enchantments, very unstealthy
A: (retaliatory headbutt), (horns 0), low mp 1, strong 1
a: Divine Shield, Renounce Religion


You were on level 4 of the Orcish Mines.
You worshipped the Shining One.
The Shining One was most pleased with you.
You were not hungry.
You were a tree.
You visited 3 branches of the dungeon, and saw 19 of its levels.
You visited the Abyss 1 time.
You also visited: Bailey and Ice Cave.

You collected 1907 gold pieces.
You spent 682 gold pieces at shops.

Inventory:

Hand Weapons
 a - a +0 war axe
 r - a +0 battleaxe
 G - a +1 battleaxe of chopping (weapon)
 H - a +0 broad axe
Missiles
 u - 2 throwing nets (quivered)
Armour
 i - a +2 scale mail of poison resistance
 k - the cursed +1 leather armour of Cheibriados {rN+ Slay+3, unknown}
   (You found it on level 5 of the Dungeon)

   It affects your accuracy and damage with ranged weapons and melee attacks
   (+3).
   It protects you from negative energy.
   It has a curse placed upon it.
 q - a +0 pair of gloves (melded)
 y - the +0 plate armour "Orghihu" (melded) {rN++ MR- Str+4}
   (You found it on level 14 of the Dungeon)

   It affects your strength (+4).
   It greatly protects you from negative energy.
   It affects your resistance to hostile enchantments.
 A - the +1 cloak of Bueceebrir (melded) {Stlth+}
   (You bought it in a shop on level 12 of the Dungeon)

   It makes you more stealthy.
 K - the +0 cloak of Valiance {Dex+2, unknown}
   (You found it on level 1 of the Abyss)

   It affects your dexterity (+2).
Jewellery
 d - an uncursed ring of protection from fire
 j - a +3 ring of evasion (right branch)
 o - an uncursed ring of fire
 s - the ring "Xeinlun" (left branch) {Fire *Drain rPois rN+ Int+3}
   (You found it in an ice cave)

   [ring of fire]

   It enhances your fire magic, and weakens your ice magic.
   It affects your intelligence (+3).
   It protects you from fire.
   It makes you vulnerable to cold.
   It protects you from poison.
   It protects you from negative energy.
   It causes draining when unequipped.
 t - an uncursed ring of poison resistance
Wands
 f - a wand of lightning (6)
 g - a wand of confusion (19)
 h - a wand of slowing (20)
 l - a wand of magic darts (29)
 n - a wand of digging (0)
 v - a wand of frost (22)
 B - a wand of polymorph (8)
Scrolls
 m - a scroll of remove curse
 p - a scroll of amnesia
 w - a scroll of blinking
 D - a scroll of random uselessness {unknown}
 J - a scroll of silence {unknown}
Potions
 x - a potion of might
 E - a potion of lignification
 F - 4 potions of flight
 I - 2 potions of magic
Comestibles
 b - 3 meat rations
 c - a royal jelly
 e - 7 bread rations


   Skills:
 + Level 12.0 Fighting
 * Level 15.6 Axes
 + Level 11.9 Armour
   Level 3.6 Shields
 - Level 9.1 Invocations


You had 6 spell levels left.
You knew the following spells:

 Your Spells              Type           Power        Failure   Level  Hunger
a - Phase Shift           Tloc           #.........   100%        5    ######.


Dungeon Overview and Level Annotations

Branches:
Dungeon (14/15) Temple (1/1) D:5 Orc (4/4) D:12 Elf (0/3) Orc:3 Vaults (0/5) D:13 D:14 Lair: D:8-11

Altars:
Ashenzari
Cheibriados
Dithmenos
Elyvilon
Fedhas
Gozag
Kikubaaqudgha
Makhleb
Nemelex Xobeh
Okawaru
Qazlal
Ru
Trog
Xom
Yredelemnul
Zin
The Shining One
Beogh

Shops:
D:12 [[   D:14 %!   Orc:2 :

Annotations:
D:4 George's ghost, amateur MiFi
D:5 Prince Ribbit
D:9 Joseph
D:14 Nessos; Rupert
Orc:1 Snorg


Innate Abilities, Weirdness & Mutations

((You reflexively headbutt those who attack you in melee.))
((You have a pair of horns on your head.))
Your magical capacity is low (-10% MP).
Your muscles are strong. (Str +2)


Message History

The orc warlord roars a battlecry!
The orc warlord hits you with a great mace of crushing!!
* * * LOW HITPOINT WARNING * * *
The Shining One protects you from harm!
Unknown command.
Unknown command.
You hit the orc warlord.
The orc warlord is severely wounded.
Unknown command.
Unknown command.
Unknown command.
Unknown command.
Drink which item? (? for menu, Esc to quit)
Okay, then.
Use which ability?
Okay, then.
You hit the orc warlord.
The orc warlord is almost dead.
The orc warlord hits you with a great mace of crushing!!
You die...

..)[.......o............
............o..#........
...........o.o..........
...........#oo..........
......................#
...............o.oo...#
.#.#..##.#.#.#.#.o##.##
#################o#
#♣#.# #####


You could see an orc warlord, an orc priest (frenzied), an orc wizard (frenzied)
and an orc (frenzied).

Vanquished Creatures
  Norris (D:13)
  Josephine (Orc:2)
  Harold (Orc:1)
  An ice dragon (IceCv)
  An orc high priest (D:12)
  An unseen horror (D:12)
  2 orc knights
  2 cyclopes
  A centaur zombie (D:12)
  A two-headed ogre (D:14)
  A spriggan (D:10)
  6 yaks
  6 vampire mosquitoes
  4 wraiths (Orc:2)
  8 humans
  A hungry ghost (D:9)
  A hippogriff (D:13)
  Menkaure (D:6)
  A water moccasin (D:11)
  2 wargs
  7 ogres
  24 orc warriors
  2 sky beasts
  26 ice beasts
  3 necrophages
  An eye of draining (D:12)
  A centaur (D:13)
  A big kobold (D:12)
  8 giant frogs
  A water moccasin zombie (D:8)
  A scorpion (D:8)
  A wyvern skeleton (D:12)
  5 killer bees (D:13)
  2 giant frog zombies
  A wight (D:13)
  3 crimson imps
  4 hounds
  13 orc priests
  2 worker ants (D:7)
  3 centaur skeletons
  A giant frog skeleton (D:12)
  19 orc wizards
  Terence (D:2)
  An iguana (D:10)
  2 sheep (D:12)
  6 adders
  8 gnolls
  A shadow imp (D:10)
  2 adder zombies (D:6)
  An adder skeleton (D:7)
  A worm (D:2)
  119 orcs
  2 bats (D:1)
  6 giant cockroaches
  5 goblins
  4 hobgoblins
  12 jackals
  3 giant newts
  20 kobolds
  8 rats
374 creatures vanquished.

Notes
Turn   | Place    | Note
--------------------------------------------------------------
     0 | D:1      | 4thArraOfDagon the Minotaur Fighter began the quest for the Orb.
     0 | D:1      | Reached XP level 1. HP: 19/19 MP: 0/0
   114 | D:1      | Reached XP level 2. HP: 27/27 MP: 1/1
   153 | D:1      | Reached skill level 4 in Armour
   183 | D:1      | Reached XP level 3. HP: 20/33 MP: 2/2
   317 | D:2      | Noticed Terence
   370 | D:2      | Killed Terence
   370 | D:2      | Reached XP level 4. HP: 30/41 MP: 3/3
   518 | D:3      | odd
   578 | D:4      | Found a white marble altar of Elyvilon.
   579 | D:4      | Noticed George's ghost (amateur MiFi)
   598 | D:5      | Entered Level 5 of the Dungeon
   632 | D:5      | Got a twisted leather armour
   638 | D:5      | Found a staircase to the Ecumenical Temple.
   644 | Temple   | Entered the Ecumenical Temple
   747 | Temple   | iummm
   775 | Temple   | Became a worshipper of the Shining One
   809 | D:5      | Noticed Prince Ribbit
   810 | D:5      | dayum
   810 | D:5      | RIP
   936 | D:7      | Noticed a giant frog
   945 | D:7      | Killed a giant frog
   945 | D:7      | Reached skill level 5 in Axes
   945 | D:7      | Reached skill level 5 in Armour
   945 | D:7      | Reached XP level 5. HP: 26/47 MP: 4/4
   955 | D:7      | Reached skill level 5 in Fighting
   996 | D:7      | Found a glowing silver altar of Zin.
   999 | D:7      | Reached XP level 6. HP: 38/56 MP: 5/5
  1021 | D:7      | Noticed a giant frog
  1030 | D:7      | Killed a giant frog
  1049 | D:7      | Noticed a giant frog
  1057 | D:7      | Killed a giant frog
  1057 | D:7      | Reached skill level 6 in Axes
  1057 | D:7      | Reached skill level 1 in Invocations
  1076 | D:7      | Noticed an orc warrior
  1160 | D:8      | Reached XP level 7. HP: 38/62 MP: 5/7
  1247 | D:8      | Reached skill level 7 in Axes
  1400 | D:7      | Noticed a giant frog
  1405 | D:7      | Killed a giant frog
  1429 | D:6      | Noticed Menkaure
  1429 | D:6      | Noticed a giant frog
  1429 | D:6      | Reached * piety under the Shining One
  1437 | D:6      | Killed a giant frog
  1444 | D:6      | Killed Menkaure
  1444 | D:6      | Reached XP level 8. HP: 58/71 MP: 7/9
  1490 | D:6      | Noticed an ogre
  1496 | D:6      | Killed an ogre
  1496 | D:6      | Reached skill level 8 in Axes
  1517 | D:6      | Found a burning altar of Makhleb.
  1587 | D:5      | Found an iron altar of Okawaru.
  1587 | D:5      | Found a basalt altar of Yredelemnul.
  1616 | D:6      | Noticed a giant frog
  1620 | D:6      | Killed a giant frog
  2020 | D:9      | Noticed Joseph
  2032 | D:10     | Entered Level 10 of the Dungeon
  2091 | D:9      | Reached skill level 9 in Axes
  2100 | D:9      | Found a roughly hewn altar of Beogh.
  2107 | D:9      | Was placed under penance by the Shining One
  2221 | D:11     | Reached XP level 9. HP: 73/79 MP: 11/11
  2244 | D:11     | Found a frozen archway.
  2257 | D:11     | Gained mutation: Your magical capacity is low (-10% MP). [mutagenic meat]
  2258 | D:11     | Gained mutation: Your muscles are strong. (Str +2) [mutagenic meat]
  2282 | D:11     | Reached skill level 10 in Axes
  2340 | D:11     | Noticed a troll
  2340 | D:11     | Noticed a six-headed hydra
  2398 | D:10     | Noticed a gargoyle
  2482 | D:10     | Was forgiven by the Shining One
  2483 | D:10     | Reached skill level 5 in Invocations
  2703 | D:10     | Noticed a centaur skeleton
  2721 | D:10     | Killed a centaur skeleton
  2721 | D:10     | Reached skill level 11 in Axes
  2757 | IceCv    | Entered an ice cave
  2768 | IceCv    | Reached XP level 10. HP: 59/90 MP: 11/11
  2937 | IceCv    | Noticed an ice statue
  2937 | IceCv    | Noticed an ice statue
  3382 | IceCv    | Noticed an ice dragon
  3382 | IceCv    | Noticed an ice dragon
  3509 | IceCv    | The Shining One protects you from harm!
  3514 | IceCv    | Killed an ice dragon
  3514 | IceCv    | Reached skill level 12 in Axes
  3518 | IceCv    | (
  3736 | IceCv    | Got a warped lead ring
  3749 | IceCv    | Identified the ring "Xeinlun" {Fire *Drain rPois rN+ Int+3} (You found it in an ice cave)
  3902 | D:12     | Reached ** piety under the Shining One
  3947 | D:12     | Noticed a cyclops
  3954 | D:12     | Killed a cyclops
  3999 | D:12     | Found a burning altar of Makhleb.
  4068 | D:12     | Found Ufotz's Antique Armour Emporium.
  4077 | D:12     | Bought a pitted cloak for 218 gold pieces
  4077 | D:12     | Found a staircase to the Orcish Mines.
  4099 | D:12     | Found Qasusk's Armour Shoppe.
  4134 | D:12     | Identified the +1 cloak of Bueceebrir {Stlth+} (You bought it in a shop on level 12 of the Dungeon)
  4177 | D:13     | Noticed a manticore
  4222 | D:12     | Noticed an unseen horror
  4233 | D:12     | Killed an unseen horror
  4233 | D:12     | Reached skill level 10 in Fighting
  4233 | D:12     | Reached skill level 10 in Armour
  4233 | D:12     | Reached XP level 11. HP: 57/99 MP: 5/13
  4287 | D:12     | Identified the Compendium of the Scribe
  4299 | D:12     | Learned a level 5 spell: Phase Shift
  4400 | D:13     | Reached skill level 13 in Axes
  4444 | D:14     | Found Azxaovof's Food Emporium.
  4481 | D:14     | Found Yshras's Distillery.
  4489 | D:14     | Bought a potion of lignification for 48 gold pieces
  4489 | D:14     | Bought 2 potions of lignification for 96 gold pieces
  4489 | D:14     | Bought a potion of heal wounds for 80 gold pieces
  4489 | D:14     | Bought a potion of might for 64 gold pieces
  4489 | D:14     | Bought a potion of heal wounds for 80 gold pieces
  4489 | D:14     | Bought a potion of lignification for 48 gold pieces
  4489 | D:14     | Bought a potion of flight for 48 gold pieces
  4516 | D:14     | Noticed Nessos
  4613 | D:14     | Got a heavily runed plate armour
  4624 | D:14     | Identified the cursed +0 plate armour "Orghihu" {rN++ MR- Str+4} (You found it on level 14 of the Dungeon)
  4624 | D:14     | :(
  4716 | D:13     | Reached *** piety under the Shining One
  4753 | D:13     | Noticed a hill giant
  4761 | D:14     | Found a gate to the Vaults.
  4761 | D:14     | Noticed a four-headed hydra
  4761 | D:14     | Noticed Norris
  4761 | D:14     | Noticed Rupert
  4766 | D:13     | Paralysed by Norris for 4 turns
  4804 | D:13     | Killed Norris
  4804 | D:13     | Reached skill level 14 in Axes
  4804 | D:13     | Reached XP level 12. HP: 62/110 MP: 15/15
  4906 | Orc:1    | Entered Level 1 of the Orcish Mines
  4916 | Orc:1    | Noticed Harold
  4962 | Orc:1    | Was placed under penance by the Shining One
  4981 | Orc:1    | Killed Harold
  5014 | Orc:2    | Found Xasuosk's Book Emporium.
  5027 | Orc:1    | Found a roughly hewn altar of Beogh.
  5061 | Orc:1    | Found a flagged portal.
  5084 | Bailey   | Entered a bailey
  5544 | Orc:1    | Noticed Snorg
  5615 | Orc:2    | Noticed Josephine
  5625 | Orc:2    | Reached skill level 15 in Axes
  5627 | Orc:2    | Killed Josephine
  5858 | Orc:3    | Found a staircase to the Elven Halls.
  5934 | Orc:4    | Entered Level 4 of the Orcish Mines
  5978 | Orc:4    | Was forgiven by the Shining One
  6223 | Orc:4    | Noticed Sonja
  6249 | Orc:4    | Noticed Sonja
  6249 | Orc:4    | Sonja changed into Sonja the human
  6251 | Orc:4    | Killed Sonja the human
  6389 | Orc:4    | Noticed an orc warlord
  6408 | Orc:4    | Cast into the Abyss (orc wizard)
  6430 | Abyss:1  | Got a twisted cloak
  6434 | Abyss:1  | Noticed a green death
  6437 | Orc:4    | Escaped the Abyss
  6468 | Orc:4    | HP: 6/168 [orc warlord/great mace of crushing (19)]
  6468 | Orc:4    | The Shining One protects you from harm!
  6470 | Orc:4    | Annihilated by an orc warlord

Vault maps used:
D:1:      dpeg_arrival_renting, minmay_misc_feat_secret_circle
D:2:      uniq_sigmund, uniq_terence
D:3:      lemuel_doored_altar, old_standard_altar, serial_corexii_hall,
          corexii_hall_statues_x, corexii_hall_statues_i,
          kennysheep_cluttered_room, wad_floor_pattern_untrapped,
          kennysheep_decorative_pillar, grunt_decor_fettered, minivault_19
D:4:      elyvilon_altar_5, uniq_duvessa
D:5:      led_sif_pool, nicolae_overflow_hidden_temple,
          minmay_temple_entry_hall, first_bread, uniq_prince_ribbit1
D:6:      overflow_temple_1_default, gup_sewer_entry_bowl, uniq_menkaure
D:7:      old_standard_altar
D:9:      special_room, uniq_joseph
D:10:     dpeg_lair_monsters, hangedman_stone_soup, uniq_fannar
D:11:     serial_shops, kennysheep_little_box, portal_ice_cave_entry_ice_beasts
D:12:     evilmike_diamond_2, orc_david_3, serial_shops, nicolae_shop_crystal,
          bloody_makhleb
D:14:     david_vaults_3, lemuel_statue_altar, serial_shops,
          nicolae_shop_waterfront, shop, uniq_nessos
Temple:   oiseaux_autumnal_temple_12
Orc:1:    enter_bailey_7, basic_altar, uniq_snorg, uniq_maurice, uniq_harold
Orc:2:    serial_shops, shop, mines3_lemuel, uniq_josephine
Orc:3:    basic_altar, nicolae_orc_pool_cavern
Orc:4:    st_orc_congregation, uniq_sonja
Bailey:   bailey_axe_4, bailey
IceCv:    ice_cave_small_dragons

Action                   |  1- 3 |  4- 6 |  7- 9 | 10-12 || total
-------------------------+-------+-------+-------+-------++-------
Melee: War axe           |    55 |    75 |   240 |   301 ||   671
       Battleaxe         |       |       |       |   259 ||   259
Throw: Throwing net      |       |       |       |     1 ||     1
Invok: Divine Shield     |       |       |       |     2 ||     2
Evoke: Wand              |       |       |     2 |    11 ||    13
  Use: Potion            |     1 |     2 |     4 |    12 ||    19
       Scroll            |       |     4 |     3 |     7 ||    14
 Stab: Held in net/web   |       |       |       |     2 ||     2
  Eat: Chunk             |       |     1 |     8 |     5 ||    14
       Pizza             |       |       |     1 |       ||     1
       Fruit             |       |       |       |     5 ||     5
       Bread ration      |       |       |       |     1 ||     1
       Royal jelly       |       |       |       |     1 ||     1
